 Dungeon Crawl Stone Soup version 0.28-a0-804-g60983d4ba9 (webtiles) character file.

Game seed: 18291809217351251379

6074 vurker the Zephyrmancer (level 10, -1/69 HPs)
             Began as an Octopode Air Elementalist on Nov 7, 2021.
             Was an Initiate of Vehumet.
             Shot with a sling bullet by Joseph (24 damage)
             ... on level 8 of the Dungeon.
             The game lasted 00:14:48 (14575 turns).

vurker the Zephyrmancer (OpAE)                     Turns: 14575, Time: 00:14:48

Health: -1/69      AC:  1    Str:  7    XL:     10   Next: 88%
Magic:  3/22       EV: 13    Int: 21    God:    Vehumet [......]
Gold:   529        SH:  5    Dex: 13    Spells: 21/26 levels left

rFire   . . .      SeeInvis .   r - staff of cold
rCold   + . .      Faith    .   e - +0 buckler
rNeg    . . .      Spirit   .   (helmet restricted)
rPois   .          Reflect  .   (no amulet)
rElec   .          Harm     .   (no ring)
rCorr   .          Rampage  .   (no ring)
Will    .....                   (no ring)
Stlth   +++.......              (no ring)
HPRegen 0.21/turn               (no ring)
MPRegen 0.18/turn               (no ring)
                                (no ring)
                                (no ring)

@: no status effects
A: almost no armour, amphibious, 8 rings, camouflage 1, gelatinous body 1,
(nimble swimmer 1), tentacles
a: Renounce Religion


You were on level 8 of the Dungeon.
You worshipped Vehumet.
Vehumet was noncommittal.
You visited 2 branches of the dungeon, and saw 9 of its levels.
You also visited: Sewer.

You collected 529 gold pieces.

Inventory:

Missiles
 l - a throwing net
Armour
 e - a +0 buckler (worn)
   (You found it on level 6 of the Dungeon)
Magical Staves
 r - a staff of cold (weapon)
   (You found it on level 5 of the Dungeon)
Wands
 k - a wand of polymorph (19)
   (You found it on level 6 of the Dungeon)
 p - a wand of mindburst (12)
   (You took it off Maggie on level 8 of the Dungeon)
 u - a wand of paralysis (18)
   (You found it on level 5 of the Dungeon)
Scrolls
 a - 3 scrolls of identify
 c - a scroll of immolation
 f - a scroll of teleportation
 m - a scroll of enchant armour
Potions
 b - 4 potions of curing
 g - 3 potions of lignification
 h - 4 potions of flight
 i - 4 potions of heal wounds
 j - 2 potions of attraction
 n - a potion of mutation
 o - a potion of berserk rage {unknown}
 q - a potion of resistance


   Skills:
 + Level 6.4 Fighting
 - Level 2.0 Dodging
 - Level 2.6 Stealth
 + Level 3.6 Shields
 * Level 8.9 Spellcasting
 - Level 5.0 Conjurations
 * Level 9.8 Air Magic


You had 21 spell levels left.
You knew the following spells:

 Your Spells              Type           Power      Damage    Failure   Level
a - Shock                 Conj/Air       100%       1d9       1%          1
c - Airstrike             Air            25%        N/A       1%          4

Your spell library contained the following spells:

 Spells                   Type           Power      Damage    Failure   Level
 Static Discharge         Conj/Air       40%        N/A       1%          2
 Swiftness                Air            50%        N/A       1%          3
 Sandblast                Erth           18%        2d7       8%          1
 Stone Arrow              Conj/Erth      38%        3d9       9%          3
 Passwall                 Tmut/Erth      7%         N/A       12%         2
 Scorch                   Fire           18%        2d6       12%         2
 Flame Wave               Conj/Fire      19%        3d5       26%         4
 Silence                  Hex/Air        15%        N/A       26%         5
 Passage of Golubria      Tloc           9%         N/A       58%         4
 Summon Cactus Giant      Summ           4%         N/A       100%        6
 Lehudib's Crystal Spear  Conj/Erth      9%         10d4      100%        8


Dungeon Overview and Level Annotations

Branches:
Dungeon (8/15)             Temple (1/1) D:5           Sewer (visited)
   Lair: D:8-11

Altars:
Ashenzari
Cheibriados
Dithmenos
Fedhas
Gozag
Hepliaklqana
Kikubaaqudgha
Makhleb
Nemelex Xobeh
Qazlal
Sif Muna
Trog
Uskayaw
Vehumet
Wu Jian
Xom

Shops:
D:7 ([[

Annotations:
D:8 Joseph


Innate Abilities, Weirdness & Mutations

You cannot wear most types of armour.
You are amphibious.
You can wear up to eight rings at the same time.
Your skin changes colour to match your surroundings (Stealth+).
Your rubbery body absorbs attacks. (AC +1, EV +1)
((You are camouflaged near water. (Stealth+)))
You have tentacles for arms and can constrict up to eight enemies at once.


Message History

You are no longer entranced.
You kill Maggie!
Vehumet accepts your kill.
p - a wand of mindburst (12)
Things that are here:
a +0 halberd; +0 steam dragon scales
Found 15 gold pieces.
Joseph, a Mercenary comes into view.
He is wielding a +3 spectral quarterstaff.
Aim: Joseph, wielding a +3 spectral quarterstaff, wearing a +0 ring mail and quivering sling bullets (asleep, empty space bonus: 1/8)
The air twists around and strikes Joseph!
Joseph shouts!
Joseph unwields a +3 spectral quarterstaff.
Joseph wields a +3 hunting sling of flaming.
It bursts into flame!
Joseph shoots a sling bullet.
The sling bullet misses you.
Aim: Joseph, wielding a +3 hunting sling of flaming, wearing a +0 ring mail and quivering sling bullets (lightly wounded, empty space bonus: 1/8)
The air twists around and strikes Joseph!
Joseph shoots a sling bullet.
The sling bullet hits you! The sling bullet burns you.
Aim: Joseph, wielding a +3 hunting sling of flaming, wearing a +0 ring mail and quivering sling bullets (moderately wounded, empty space bonus: 1/8)
The air twists around and strikes Joseph.
Joseph shoots a sling bullet.
You block the sling bullet.
Aim: Joseph, wielding a +3 hunting sling of flaming, wearing a +0 ring mail and quivering sling bullets (moderately wounded, empty space bonus: 1/8)
The air twists around and strikes Joseph!
Aim: Joseph, wielding a +3 hunting sling of flaming, wearing a +0 ring mail and quivering sling bullets (heavily wounded, empty space bonus: 2/8)
The air twists around and strikes Joseph.
Joseph shoots a sling bullet.
The sling bullet hits you! The sling bullet burns you.
You don't have enough magic to cast this spell.
Okay, then.
You drop a wand of mindburst (12).
Joseph shoots a sling bullet.
The sling bullet barely misses you.
Unknown command.
Unknown command.
Okay, then.
Unknown command.
The mass of ice explodes!
The iceblast engulfs Joseph!
Joseph shoots a sling bullet.
The sling bullet misses you.
The mass of ice explodes!
The iceblast engulfs Joseph!
The now-empty wand crumbles to dust.
Joseph shoots a sling bullet.
The sling bullet hits you!!
* * * LOW HITPOINT WARNING * * *
The sling bullet burns you.
* * * LOW HITPOINT WARNING * * *
Item here: a wand of mindburst (12).
The floor, spattered with blood.
Unknown command.
p - a wand of mindburst (12) Joseph shoots a sling bullet.
The sling bullet hits you!!
You die...

## .# .# #####
.########## #...#
..........######...#
.########.......@..#
...# ########...#
.#.# ##$## .#.# .#
...### .# .....## .#
#..<..# @# ....#.#
.# .#..# .


You could see Joseph.

Vanquished Creatures
  Pikel (D:8)
  Maggie (D:8)
  A wyvern (D:7)
  A wraith (D:6)
  Eustachio (D:4)
  Grum (D:8)
  2 steam dragons
  4 water moccasins
  A sky beast (D:6)
  A hornet zombie (D:6)
  3 ogres
  9 necrophages
  2 wolves (D:8)
  3 centaurs
  2 phantoms
  4 lemures
  A kobold brigand (Sewer)
  4 bullfrogs
  A gnoll sergeant (D:8)
  2 scorpions
  A water moccasin skeleton (D:5)
  6 killer bees
  3 jellies
  A wight (D:6)
  A bullfrog zombie (D:6)
  3 centaur zombies
  A human zombie (D:6)
  8 orc priests
  5 hounds
  A centaur skeleton (D:6)
  Natasha (thrice) (D:4)
  9 orc wizards
  3 killer bee zombies
  3 hound skeletons (D:5)
  2 howler monkey zombies (D:6)
  14 gnolls
  10 adders
  2 river rats
  2 white imps
  An ufetubus (D:3)
  An adder skeleton (D:4)
  A worm (D:2)
  7 dart slugs
  34 orcs
  9 bats
  4 endoplasms
  6 giant cockroaches
  6 hobgoblins
  2 jackals (Sewer)
  5 quokkas
  8 ball pythons
  7 frilled lizards
  7 goblins
  13 kobolds
  10 rats
244 creatures vanquished.

Notes
Turn   | Place    | Note
-------+----------+-------------------------------------------
     0 | D:1      | vurker the Octopode Air Elementalist began the quest for
                  | the Orb.
     0 | D:1      | Reached XP level 1. HP: 11/11 MP: 3/3
   234 | D:1      | Reached XP level 2. HP: 17/17 MP: 3/5
   518 | D:1      | Reached XP level 3. HP: 22/22 MP: 3/6
  1115 | D:2      | Reached skill level 1 in Fighting
  1345 | D:2      | Reached XP level 4. HP: 14/28 MP: 0/8
  1632 | D:2      | Found a faded altar of an unknown god.
  2502 | D:3      | Reached skill level 4 in Air Magic
  2519 | D:3      | Found a glowing drain.
  2523 | D:3      | Reached XP level 5. HP: 31/33 MP: 1/9
  2608 | Sewer    | Entered a sewer
  2763 | Sewer    | Noticed a kobold brigand
  2889 | Sewer    | Killed a kobold brigand
  3020 | Sewer    | Found a white marble altar of Elyvilon.
  3097 | D:3      | Noticed a water moccasin
  3110 | D:3      | Killed a water moccasin
  3111 | D:3      | Reached XP level 6. HP: 13/39 MP: 1/11
  3584 | D:3      | Learned a level 4 spell: Airstrike
  3709 | D:3      | Found a sparkling altar of Nemelex Xobeh.
  4653 | D:4      | Reached skill level 5 in Air Magic
  4653 | D:4      | Reached XP level 7. HP: 28/45 MP: 3/13
  4964 | D:4      | Noticed Natasha
  4970 | D:4      | Killed Natasha
  5083 | D:4      | Noticed Eustachio
  5109 | D:4      | Killed Eustachio
  5448 | D:4      | Reached skill level 5 in Spellcasting
  5496 | D:4      | Reached XP level 8. HP: 20/52 MP: 3/15
  5704 | D:4      | Reached skill level 6 in Air Magic
  5829 | D:4      | Noticed Natasha
  5838 | D:4      | Killed Natasha
  6213 | D:4      | Noticed Natasha
  6227 | D:4      | Killed Natasha
  6373 | D:4      | You fall into a shaft and drop 3 floors!
  6489 | D:7      | Noticed a wyvern
  6492 | D:7      | Killed a wyvern
  6574 | D:7      | Found Xigoepri's Antique Weapon Boutique.
  6862 | D:6      | Found an opulent altar of Gozag.
  6880 | D:5      | Entered Level 5 of the Dungeon
  7161 | D:4      | Found a shimmering blue altar of Sif Muna.
  7201 | D:4      | Reached skill level 7 in Air Magic
  7280 | D:5      | Reached XP level 9. HP: 58/58 MP: 9/18
  7361 | D:5      | Found an ornate altar of the Wu Jian Council.
  8190 | D:5      | Found a staircase to the Ecumenical Temple.
  8214 | Temple   | Entered the Ecumenical Temple
  9315 | D:6      | Reached skill level 5 in Conjurations
  9535 | D:6      | Found a burning altar of Makhleb.
  9621 | D:6      | Reached skill level 5 in Fighting
  9621 | D:6      | Reached skill level 8 in Air Magic
 10410 | D:6      | Reached skill level 1 in Shields
 10795 | D:6      | Found an ancient bone altar of Kikubaaqudgha.
 10811 | D:6      | Reached XP level 10. HP: 39/64 MP: 1/21
 11651 | D:7      | Reached skill level 9 in Air Magic
 11957 | D:7      | Found Ybage Zeh's Armour Shop.
 12581 | D:7      | Found Nod Hybi's Armour Shop.
 12653 | D:8      | Found a radiant altar of Vehumet.
 12907 | D:8      | Became a worshipper of Vehumet
 13080 | D:8      | Noticed Pikel
 13330 | D:8      | Killed Pikel
 13801 | D:8      | Noticed Grum
 13948 | D:8      | Killed Grum
 14350 | D:8      | Noticed Maggie
 14360 | D:8      | Killed Maggie
 14566 | D:8      | Noticed Joseph
 14575 | D:8      | Shot with a sling bullet by Joseph

Illustrated notes

Levels and vault maps discovered:
D:1:      lemuel_arrival_room, layout_basic
D:2:      layout_basic, hellmonk_ecumenical_altar_crossroads, dk_noncrumbling_3
D:3:      layout_basic, nemelex_diamond_rough_becter, gup_sewer_entry_bubbles,
          minmay_fractal_squares_diagonal_5
D:4:      minmay_general_purpose_star, layout_basic,
          nicolae_sif_muna_little_library, hangedman_decor_slide_cut,
          hangedman_decor_points, uniq_eustachio, uniq_natasha
D:5:      layout_gridville, lemuel_crystal_altar, temple_fountains
D:6:      layout_basic, amcnicky_altar_gilded,
          lemuel_mausoleum_altar_kikubaaqudgha, lemuel_crystal_altar,
          palyth_stone_intersect
D:7:      layout_rooms, serial_shops, shop, kennysheep_little_box,
          nicolae_diamond_shop
D:8:      layout_rooms, fiery_altar_vehumet, uniq_joseph, uniq_pikel,
          uniq_maggie, uniq_grum
Temple:   compressed_dpeg_triangle_lava_temple

Skill      XL: |  1  2  3  4  5  6  7  8  9 10 |
---------------+-------------------------------+-----
Fighting       | 1 2 3 4 5 6 |  6.4
Spellcasting   | 3 4 5 6 7 8 |  8.9
Air Magic      | 4 5 7 8 9 |  9.8
Conjurations   | 2 3 4 5 |  5.0
Shields        | 1 3 |  3.6
Dodging        | |  2.0
Stealth        | |  2.6

Action                   |  1- 3 |  4- 6 |  7- 9 | 10-12 || total
-------------------------+-------+-------+-------+-------++-------
Melee: Unarmed           |     7 |    24 |     7 |       ||    38
       Tentacles         |     3 |     2 |     4 |     4 ||    13
       Constrict         |     2 |     5 |     7 |     6 ||    20
       Staff             |       |       |    15 |    23 ||    38
 Cast: Shock             |    58 |   166 |   137 |    24 ||   385
       Airstrike         |       |       |   103 |   102 ||   205
Evoke: Wand              |       |       |       |    10 ||    10
  Use: Scroll            |       |     4 |    12 |     1 ||    17
       Potion            |       |     1 |       |     2 ||     3
 Stab: Sleeping          |       |     1 |       |       ||     1
       Paralysed         |       |       |       |     6 ||     6
Armor: Skin              |       |     6 |     6 |     1 ||    13
Dodge: Dodged            |     8 |    55 |    48 |    52 ||   163
Block: Buckler           |       |       |       |    11 ||    11

Table legend: (Time is in decaauts)
 A = Elapsed time spent in this place.
 B = Non-inter-level travel time spent in this place.
 C = Inter-level travel time spent in this place.
 D = Time resting spent in this place.
 E = Time spent auto-exploring this place.
 F = Levels seen in this place.
 G = Mean time per level.
                   A        B        C        D        E       F      G
               +--------+--------+--------+--------+--------+-----+--------+
         Total |  14598 |  14388 |    210 |   1044 |  11724 |  10 | 1459.8 |
       Dungeon |  13902 |  13712 |    190 |   1044 |  11169 |   8 | 1737.8 |
        Temple |    246 |    226 |     20 |      0 |    218 |   1 |  246.0 |
         Sewer |    448 |    448 |      0 |      0 |    337 |   1 |  448.0 |
               +--------+--------+--------+--------+--------+-----+--------+

Top non-repeatable levels by time:
     D:6: 2695 daAuts
     D:4: 2306 daAuts
     D:7: 2121 daAuts
     D:5: 1691 daAuts
     D:3: 1588 daAuts
     D:2: 1371 daAuts
     D:8: 1186 daAuts
     D:1: 941 daAuts
   Sewer: 448 daAuts
  Temple: 246 daAuts
